 Dungeon Crawl Stone Soup version 0.24.0-13-gcf9b3192b9 (webtiles) character file.

Game seed: 10096186894489379387, levelgen mode: deterministic

5228 Froggeryz the Cleaver (level 10, -3/81 HPs)
             Began as a Deep Dwarf Fighter on Nov 6, 2019.
             Was a Priest of Elyvilon.
             Slain by an orc warrior
             ... wielding a +1 flail of draining
              (16 damage)
             ... on level 1 of the Orcish Mines.
             The game lasted 00:17:40 (4458 turns).

Froggeryz the Cleaver (Deep Dwarf Fighter)          Turns: 4458, Time: 00:17:41

Health: -3/81      AC: 13    Str: 23    XL:     10   Next: 35%
Magic:  14/16      EV:  7    Int:  8    God:    Elyvilon [***...]
Gold:   425        SH: 10    Dex: 13    Spells: 9/9 levels left

rFire    . . .     SeeInvis .   k - +4 hand axe (freeze)
rCold    . . .     Gourm    .   c - +0 shield
rNeg     . . .     Faith    .   b - +0 scale mail
rPois    .         Spirit   .   j - +2 hat
rElec    .         Reflect  .   m - +2 cloak
rCorr    .         Harm     .   o - +0 pair of gloves
MR       +....                  h - +0 pair of boots
Stlth    ..........             (no amulet)
HPRegen  0.00/turn              (no ring)
MPRegen  0.15/turn              (no ring)

@: non-regenerating, heavily drained
A: damage resistance, heal wounds, sense surroundings 2, no regeneration
a: Heal Wounds, Lesser Healing, Heal Other, Purification, Divine Protection,
Renounce Religion


You were on level 1 of the Orcish Mines.
You worshipped Elyvilon.
Elyvilon was most pleased with you.
You were hungry.

You visited 4 branches of the dungeon, and saw 13 of its levels.

You collected 471 gold pieces.
You spent 46 gold pieces at shops.

Inventory:

Hand Weapons
 k - a +4 hand axe of freezing (weapon)
 y - a +3 war axe of holy wrath
Missiles
 q - 11 boomerangs (quivered)
Armour
 b - a +0 scale mail (worn)
 c - a +0 shield (worn)
 h - a +0 pair of boots (worn)
 j - a +2 hat (worn)
 m - a +2 cloak (worn)
 o - a +0 pair of gloves (worn)
 s - a +0 leather armour of fire resistance
Wands
 a - a wand of digging (3)
 w - a wand of polymorph (4)
Scrolls
 e - 5 scrolls of identify
 g - 3 scrolls of teleportation
 l - a scroll of fog {unknown}
 n - 4 scrolls of magic mapping
 p - 4 scrolls of remove curse
 t - 2 scrolls of enchant weapon
 u - a scroll of enchant armour {unknown}
 x - a scroll of amnesia {unknown}
Comestibles
 d - 6 chunks of flesh
 f - 13 rations


   Skills:
 - Level 2.6(1.4) Fighting
 * Level 13.1(11.5) Axes
 - Level 3.2(2.0) Armour
 + Level 5.7(4.4) Shields
 * Level 10.6(9.1) Invocations


You had 9 spell levels left.
You didn't know any spells.
Your spell library contained the following spells:

 Spells                   Type           Power        Failure   Level  Hunger
 Magic Dart               Conj           #...         99%         1    ##.....
 Pain                     Necr           #...         99%         1    ##.....
 Corpse Rot               Necr           N/A          100%        2    ###....
 Searing Ray              Conj           #.....       100%        2    ###....
 Sublimation of Blood     Necr           #.........   100%        2    ###....
 Dazzling Spray           Conj/Hex       #.....       100%        3    ####...
 Vampiric Draining        Necr           #.........   100%        3    ####...
 Force Lance              Conj/Tloc      #.......     100%        4    #####..
 Fulminant Prism          Conj/Hex       #.........   100%        4    #####..
 Iskenderun's Mystic Bla  Conj           #.......     100%        4    #####..


Dungeon Overview and Level Annotations

Branches:
Dungeon (9/15)             Temple (1/1) D:4             Orc (2/2) D:9
    Elf (1/3) Orc:2
   Lair: D:8-11

Altars:
Ashenzari
Cheibriados
Dithmenos
Elyvilon
Fedhas
Gozag
Hepliaklqana
Kikubaaqudgha
Nemelex Xobeh
Okawaru
Qazlal
Ru
Sif Muna
Trog
Wu Jian
Xom
Yredelemnul
Zin
The Shining One

Shops:
Orc:2 *


Innate Abilities, Weirdness & Mutations

You are resistant to damage.
You can heal yourself by infusing magical energy.
You passively map the area around you.
You do not regenerate.


Message History

You block the orc warrior zombie's attack.
The orc warrior hits you from afar with a +0 trident!
* * * LOW HITPOINT WARNING * * *
You are healed.
You feel somewhat more hungry. The orc wizard misses you.
The orc hits you but does no damage. You block the orc warrior's attack.
The orc priest closely misses you. The orc warrior zombie hits you.
Unknown command.
You hit the orc wizard but do no damage.
The orc wizard is moderately wounded.
You barely miss the orc priest. You hit the orc warrior.
You freeze the orc warrior. You hit the orc warrior zombie. You hit the orc.
You freeze the orc.
You kill the orc!
You block the orc wizard's attack.
The orc warrior hits you but does no damage.
The orc priest hits you with a +0 mace.
* * * LOW HITPOINT WARNING * * *
The orc warrior hits you with a +1 flail of draining!
You die...
Xom guffaws!

** *** #.##.#### , ,* *
#......#.#. * ,......#...
. , , * *, ..........##
#.. , ** ***
#........#.##.... **,
.#...............* , ,
,.........ooo....., , , ,
, .........@o...... **
,,.......>.Z)...... , *, ,
................. ,
..........#...... ,, , *
,,.........#.#..#.., ,
#.#.................#.#.,,
* ...........^....#.......
.................##.#.#. ,
.....#....#.#.... ##* *


You could see 2 orc warriors, an orc priest, an orc wizard and an orc warrior
zombie.

Vanquished Creatures
  An orc sorcerer (Orc:1)
  A deep elf mage (Elf:1)
  An ugly thing (D:9)
  2 trolls
  A hornet (D:9)
  Sigmund (D:2)
  A warg (Orc:1)
  A two-headed ogre zombie (D:6)
  A water moccasin (D:9)
  6 orc warriors
  3 ice beasts (D:7)
  2 ogres
  A wolf (Orc:2)
  A crocodile (D:8)
  A hippogriff skeleton (D:6)
  3 killer bees (D:9)
  A howler monkey (D:6)
  4 wights (D:8)
  A jelly (D:6)
  2 crimson imps
  A centaur skeleton (D:4)
  A quasit (D:7)
  2 hounds
  15 orc wizards
  14 orc priests
  3 bullfrog skeletons
  2 centaur zombies
  An iguana (D:6)
  2 worker ants
  An ogre zombie (D:3)
  2 sky beast zombies
  2 hound zombies
  2 hound skeletons (D:9)
  3 gnolls (D:7)
  7 adders
  A scorpion zombie (D:3)
  A shadow imp (D:7)
  An ooze (D:4)
  2 adder skeletons
  An adder zombie (D:3)
  2 dart slugs
  7 worms
  6 leopard geckos
  47 orcs
  2 ball pythons
  2 bat zombies (D:6)
  6 giant cockroaches
  A goblin (D:1)
  6 hobgoblins
  10 jackals
  4 quokkas
  11 bats
  7 frilled lizards
  6 kobolds
  A quokka skeleton (D:6)
  8 rats
225 creatures vanquished.

Notes
Turn   | Place    | Note
-------+----------+-------------------------------------------
     0 | D:1      | Froggeryz the Deep Dwarf Fighter began the quest for the
                  | Orb.
     0 | D:1      | Reached XP level 1. HP: 20/20 MP: 1/1
    51 | D:1      | Reached skill level 3 in Axes
    57 | D:1      | Reached XP level 2. HP: 25/27 MP: 2/2
   418 | D:1      | Reached XP level 3. HP: 24/33 MP: 3/3
   440 | D:2      | Noticed Sigmund
   446 | D:2      | Killed Sigmund
   446 | D:2      | Reached skill level 6 in Axes
   446 | D:2      | Reached XP level 4. HP: 29/40 MP: 4/4
   446 | D:2      | Reached XP level 5. HP: 33/46 MP: 5/5
   505 | D:2      | Found a shattered altar of Ashenzari.
   505 | D:2      | Found a sparkling altar of Nemelex Xobeh.
   763 | D:2      | Found an iron altar of Okawaru.
   763 | D:2      | Found a faded altar of an unknown god.
   768 | D:2      | Found a faded altar of an unknown god.
   770 | D:2      | Found a white marble altar of Elyvilon.
   771 | D:2      | Found a glowing silver altar of Zin.
  1013 | D:3      | Reached skill level 7 in Axes
  1013 | D:3      | Reached XP level 6. HP: 36/55 MP: 6/6
  1469 | D:4      | Reached skill level 8 in Axes
  1629 | D:5      | Entered Level 5 of the Dungeon
  1684 | D:4      | Found a staircase to the Ecumenical Temple.
  1693 | Temple   | Entered the Ecumenical Temple
  1880 | D:2      | Became a worshipper of Xom of Bone-Dry Humour
  1917 | D:2      | XOM: harmless Erth miscast
  1978 | D:2      | Fell from the grace of Xom
  1978 | D:2      | Became a worshipper of Kikubaaqudgha
  1978 | D:2      | Reached * piety under Kikubaaqudgha
  1978 | D:2      | Identified Kikubaaqudgha's Almanac of Black Secrets
                  | (Kikubaaqudgha gifted it to you on level 2 of the Dungeon)
  1978 | D:2      | Received a gift from Kikubaaqudgha
  1986 | D:2      | Fell from the grace of Kikubaaqudgha
  1986 | D:2      | Became a worshipper of Elyvilon the Healer
  2129 | D:3      | Reached XP level 7. HP: 32/61 MP: 7/7
  2279 | D:4      | Elyvilon protects you from harm!
  2363 | D:5      | XOM: cloud trail
  2393 | D:5      | Reached skill level 9 in Axes
  2465 | D:5      | XOM: medium Hex miscast
  2516 | D:5      | XOM: swap monsters
  2527 | D:5      | Reached skill level 10 in Axes
  2580 | D:5      | Found a snail-covered altar of Cheibriados.
  2626 | D:6      | Reached * piety under Elyvilon
  2667 | D:6      | XOM: mild Chrm miscast
  2711 | D:6      | Reached XP level 8. HP: 47/68 MP: 7/7
  2726 | D:6      | Reached skill level 1 in Invocations
  3186 | D:7      | Reached ** piety under Elyvilon
  3387 | D:7      | Reached skill level 11 in Axes
  3387 | D:7      | Reached skill level 5 in Invocations
  3389 | D:7      | Found a stormy altar of Qazlal.
  3460 | D:8      | Found a shimmering blue altar of Sif Muna.
  3845 | D:9      | Noticed a troll
  3865 | D:9      | Killed a troll
  3865 | D:9      | Gained mutation: You passively map the area around you.
                  | [Deep Dwarf growth]
  3865 | D:9      | Reached XP level 9. HP: 22/74 MP: 11/13
  4011 | D:9      | Noticed a white ugly thing
  4020 | D:9      | Killed a white ugly thing
  4020 | D:9      | Reached skill level 12 in Axes
  4134 | D:9      | Found a staircase to the Orcish Mines.
  4196 | Orc:1    | Entered Level 1 of the Orcish Mines
  4196 | Orc:1    | Noticed an orc sorcerer
  4201 | Orc:1    | Paralysed by an orc sorcerer for 7 turns
  4206 | Orc:1    | Noticed a smoke demon
  4211 | Orc:1    | Killed an orc sorcerer
  4211 | Orc:1    | Reached skill level 5 in Shields
  4211 | Orc:1    | Reached XP level 10. HP: 21/81 MP: 13/16
  4227 | Orc:2    | Entered Level 2 of the Orcish Mines
  4227 | Orc:2    | Found a staircase to the Elven Halls.
  4227 | Orc:2    | XOM: noise
  4250 | Elf:1    | Entered Level 1 of the Elven Halls
  4250 | Elf:1    | Noticed a deep elf mage
  4250 | Elf:1    | Noticed a deep elf mage
  4250 | Elf:1    | Noticed a deep elf mage
  4253 | Elf:1    | Noticed a deep elf archer
  4254 | Elf:1    | Killed a deep elf mage
  4254 | Elf:1    | Reached skill level 10 in Invocations
  4269 | Orc:2    | Found Xegiosisuow's Assorted Antiques.
  4323 | Orc:2    | Reached skill level 13 in Axes
  4359 | Orc:2    | Bought a ruby potion for 23 gold pieces
  4359 | Orc:2    | Bought a cyan potion for 23 gold pieces
  4364 | Orc:2    | Noticed an orc warlord
  4385 | Orc:2    | Noticed a reaper
  4414 | Orc:1    | Reached *** piety under Elyvilon
  4458 | Orc:1    | Slain by an orc warrior

Levels and vault maps discovered:
D:1:      noname_arrival_rooms_in_the_neighbourhood, layout_basic, minivault_4,
          minmay_domino_2
D:2:      layout_loops_ring, chequers_temple_overflow_minitemple,
          gammafunk_temple_overflow_wave, uniq_sigmund
D:3:      layout_loops_ring, grunt_temple_overflow_lords_of_destruction,
          minmay_vboxes
D:4:      layout_basic, minmay_temple_entry_poolview, hex_large
D:5:      layout_loops_cross, slow_altar_2, first_ration
D:6:      layout_gridville, uniq_grinder
D:7:      layout_gridville, nicolae_qazlal_eye_of_the_storm
D:8:      layout_loops_ring, basic_altar, serial_shops, shop
D:9:      layout_irregular_city, dancing_weapons_uskayaw, lair_entry_dummy,
          hiddenorc2_lemuel
Temple:   nicolae_temple_no_exploring_needed
Orc:1:    layout_caves
Orc:2:    kennysheep_orc_mage_school, layout_diamond_mine, serial_shops, shop,
          hangedman_feature_mirror, mines1_david, uniq_rupert
Elf:1:    eino_elf_arrival_sip, layout_loops_cross, minmay_elf_demonology

Skill      XL: |  1  2  3  4  5  6  7  8  9 10 |
---------------+-------------------------------+-----
Axes           | 3 6 7 8 10 11 12 13 | 13.1
Invocations    | 7 9 10 | 10.6
Shields        | 5 |  5.7
Fighting       | |  2.6
Armour         | |  3.2

Action                   |  1- 3 |  4- 6 |  7- 9 | 10-12 || total
-------------------------+-------+-------+-------+-------++-------
Melee: War axe           |    65 |    15 |       |       ||    80
       Hand axe          |       |   149 |   408 |    73 ||   630
Throw: Boomerang         |       |     1 |       |     2 ||     3
Invok: Lesser Healing    |       |       |    30 |    12 ||    42
 Abil: Heal Wounds       |       |       |     3 |       ||     3
Evoke: Wand              |       |       |     7 |     5 ||    12
  Use: Potion            |     1 |       |     4 |     5 ||    10
       Scroll            |       |     7 |       |       ||     7
  Eat: Chunk             |       |     3 |    13 |     2 ||    18
Armor: Scale mail        |    33 |    64 |   181 |    27 ||   305
       Skin              |       |       |       |    19 ||    19
Dodge: Dodged            |    30 |    29 |    88 |    15 ||   162
Block: Shield            |    38 |    72 |   191 |    45 ||   346
